 Dungeon Crawl Stone Soup version 0.31-a0-152-g6aa68a64a1 (webtiles) character file.

Game seed: 4092942343336589004

1042 qw the Skirmisher (level 8, 0/73 HPs)
             Began as a Naga Hunter on June 10, 2023.
             Slain by an iguana (5 damage)
             ... on level 5 of the Dungeon.
             The game lasted 00:01:37 (2993 turns).

qw the Skirmisher (Naga Hunter)                     Turns: 2993, Time: 00:01:38

Health: 0/73       AC: 13    Str: 13      XL:     8   Next: 25%
Magic:  0/8        EV:  8    Int:  7 (10) God:
Gold:   231        SH:  0    Dex: 17      Spells: 7/7 levels left

rFire   . . .        Y - +1 shortbow
rCold   . . .        (shield currently unavailable)
rNeg    . . .        c - +0 leather armour
rPois   +            h - +0 helmet
rElec   +            e - +2 cloak
rCorr   +            (no gloves)
SInv    +            f - +1 barding of Living Intercession {Rampage Drain +Blink rElec}
Will    +....        l - amulet of guardian spirit
Stlth   ++           d - ring of resist corrosion
HPRegen 0.32/turn    (no ring)
MPRegen 0.11/turn

%: guardian spirit, rampage
@: short of breath, very slow
A: AC +2, large, see invisible, deformed body, poison resistance, slowness 2,
spit poison 1, naga tail 1
a: Spit Poison, Evoke Blink


You were on level 5 of the Dungeon.
You visited 1 branch of the dungeon, and saw 5 of its levels.

You collected 231 gold pieces.


Innate Abilities, Weirdness & Mutations

Your serpentine skin is tough. (AC +2)
You have supernaturally acute eyesight. (SInv)
Armour fits poorly on your strangely shaped body.
Your system is resistant to poisons. (rPois)
You cover ground very slowly.
You can spit poison.
You have a snake-like lower body.


   Skills:
 + Level 4.5 Fighting
 - Level 8.0 Ranged Weapons
 - Level 1.4 Armour
 - Level 2.5 Dodging
 - Level 1.5 Stealth


You had 7 spell levels left.
You didn't know any spells.
Your spell library was empty.

Inventory:

Hand Weapons
 Y - a +1 shortbow (weapon)
Armour
 c - a +0 leather armour (worn)
 e - a +2 cloak (worn)
 f - the +1 barding of Living Intercession (worn) {Rampage Drain +Blink rElec}
   (You acquired it on level 2 of the Dungeon)

   rElec:     It insulates you from electricity.
   +Blink:    It lets you blink.
   Drain:     It drains your maximum health when unequipped.
   Rampage:   It bestows one free step when moving towards enemies.
 h - a +0 helmet (worn)
Jewellery
 d - a ring of resist corrosion (left hand)
 l - an amulet of guardian spirit (around neck)
Wands
 k - a wand of digging (6)
Scrolls
 a - 4 scrolls of identify
Potions
 b - a potion of curing
 g - a potion of might
 m - a potion of cancellation

Dungeon Overview and Level Annotations

Branches:
Dungeon (5/15)
 Temple: D:4-7

Altars:
Dithmenos
Gozag
Xom

Shops:
D:1 :   D:3 [

Annotations:
D:4 3 runed translucent doors, qw's ghost, amateur MiHu


Message History

The hound barely misses you.
You shoot an arrow. The arrow hits the hound.
You kill the hound!
The ogre hits you with a +0 giant club!
You shoot an arrow. The arrow hits the ogre!
The ogre is moderately wounded.
The ogre barely misses you.
You shoot an arrow. The arrow barely misses the ogre.
You shoot an arrow. The arrow barely misses the ogre.
You have got your breath back.
The ogre hits you but does no damage.
2986 ||| INVOKING Spit Poison.
Aiming: Spit Poison (1% risk of failure)
Press: ? - help, Shift-Dir - straight line, f/p - ogre The splash of poison hits the ogre.
The ogre is heavily wounded.
The ogre hits you with a +0 giant club!
You shoot an arrow. The arrow closely misses the ogre.
You shoot an arrow. The arrow hits the ogre.
The ogre is heavily wounded.
The ogre hits you with a +0 giant club!
You shoot an arrow. The arrow hits the ogre.
The ogre is severely wounded.
You have got your breath back.
The ogre hits you with a +0 giant club!
2990 ||| INVOKING Spit Poison.
Aiming: Spit Poison (1% risk of failure)
Press: ? - help, Shift-Dir - straight line, f/p - ogre The splash of poison hits the ogre!
You kill the ogre!
You feel your dexterity returning.
Your Ranged Weapons skill increases to level 8!
You shoot an arrow. The arrow barely misses the iguana.
The iguana bites you but does no damage.
You shoot an arrow. The arrow completely misses the iguana.
The iguana barely misses you.
You shoot an arrow. The arrow barely misses the iguana.
The iguana bites you but does no damage.
The iguana bites you!
You die...

###.. .## #######.... ... ####
............###.# ....#
...##.....#.....# .....
......#........# .###..
......##.......# ##.##.##.....
#.......# #.?.#.....#.# #....####
##.##..@.##.###.#.....#
.#'###l#........###..###
##.##?!##......##.......
.'#'?...#.....##..##...#
..##(?..#.#...#....##...
..###.$##...###..._.#...
.....#?=.[)'.####...#. #....##...
.....##.!.##......###.###..##....
.#....## #........ #.# ##.....#.


You could see an iguana.

Vanquished Creatures
  Sigmund (D:4)
  2 ogres (D:5)
  A centaur (D:5)
  A scorpion (D:4)
  5 hounds (D:5)
  An orc priest (D:4)
  Jessica (D:3)
  An iguana (D:5)
  3 orc wizards
  Natasha (D:3)
  4 gnolls (D:3)
  11 adders
  An ufetubus (D:4)
  2 worms
  5 dart slugs
  10 orcs
  5 endoplasms
  3 giant cockroaches (D:2)
  10 goblins
  6 hobgoblins
  5 jackals
  4 quokkas
  10 ball pythons
  5 bats
  3 frilled lizards (D:2)
  9 kobolds
  A rat (D:1)
111 creatures vanquished.

Notes
Turn   | Place    | Note
-------+----------+-------------------------------------------
     0 | D:1      | qw the Naga Hunter began the quest for the Orb.
     0 | D:1      | Reached XP level 1. HP: 19/19 MP: 1/1
     0 | D:1      | 0 ||| qw: Version: 0.2-a-122-gbc61b45
     0 | D:1      | 0 ||| qw: Game counter: 3624
     0 | D:1      | 0 ||| qw: Always use a shield: true
     0 | D:1      | 0 ||| qw: God list: Okawaru
     0 | D:1      | 0 ||| qw: Allow faded altars: false
     0 | D:1      | 0 ||| qw: Do Orc after D:15 true
     0 | D:1      | 0 ||| qw: Do second Lair branch before Depths: true
     0 | D:1      | 0 ||| qw: Lair rune preference: random
     0 | D:1      | 0 ||| qw: Plans: Normal
     0 | D:1      | 0 ||| PLANNING D:1-11
    53 | D:1      | 53 ||| INVOKING Spit Poison.
    54 | D:1      | 54 ||| INVOKING Spit Poison.
    59 | D:1      | 59 ||| INVOKING Spit Poison.
    61 | D:1      | HP: 3/19 [quokka (3)]
   152 | D:1      | 152 ||| INVOKING Spit Poison.
   165 | D:1      | 165 ||| INVOKING Spit Poison.
   166 | D:1      | Reached skill level 4 in Ranged Weapons
   166 | D:1      | Reached XP level 2. HP: 26/26 MP: 2/2
   180 | D:1      | 180 ||| INVOKING Spit Poison.
   186 | D:1      | 186 ||| INVOKING Spit Poison.
   190 | D:1      | 190 ||| INVOKING Spit Poison.
   193 | D:1      | 193 ||| INVOKING Spit Poison.
   390 | D:1      | 390 ||| INVOKING Spit Poison.
   449 | D:1      | Found Orchasuha's Vocational Training.
   451 | D:1      | 451 ||| INVOKING Spit Poison.
   453 | D:1      | 453 ||| FLEEEEING.
   454 | D:1      | 454 ||| FLEEEEING.
   455 | D:1      | 455 ||| FLEEEEING.
   456 | D:1      | 456 ||| FLEEEEING.
   457 | D:1      | 457 ||| FLEEEEING.
   458 | D:1      | 458 ||| FLEEEEING.
   459 | D:1      | 459 ||| FLEEEEING.
   460 | D:1      | 460 ||| FLEEEEING.
   485 | D:1      | 485 ||| INVOKING Spit Poison.
   488 | D:1      | Reached XP level 3. HP: 32/32 MP: 3/3
   491 | D:1      | 491 ||| INVOKING Spit Poison.
   588 | D:1      | 588 ||| READING scroll labelled OWOCOL ZIMN.
   589 | D:1      | 589 ||| READING scroll labelled NUYMIB GELIMISTI.
   590 | D:1      | 590 ||| READING scroll labelled LOSAIM YGU.
   591 | D:1      | 591 ||| DROPPING scroll of butterflies.
   616 | D:2      | 616 ||| INVOKING Spit Poison.
   631 | D:2      | 631 ||| INVOKING Spit Poison.
   647 | D:2      | 647 ||| INVOKING Spit Poison.
   652 | D:2      | 652 ||| INVOKING Spit Poison.
   665 | D:2      | 665 ||| INVOKING Spit Poison.
   700 | D:2      | 700 ||| INVOKING Spit Poison.
   715 | D:2      | 715 ||| INVOKING Spit Poison.
   751 | D:2      | 751 ||| INVOKING Spit Poison.
   756 | D:2      | 756 ||| INVOKING Spit Poison.
   789 | D:2      | 789 ||| INVOKING Spit Poison.
   905 | D:2      | 905 ||| INVOKING Spit Poison.
   933 | D:2      | Reached skill level 5 in Ranged Weapons
   933 | D:2      | Reached XP level 4. HP: 39/39 MP: 4/4
   962 | D:2      | 962 ||| INVOKING Spit Poison.
   965 | D:2      | 965 ||| INVOKING Spit Poison.
   989 | D:2      | 989 ||| INVOKING Spit Poison.
  1023 | D:2      | 1023 ||| INVOKING Spit Poison.
  1026 | D:2      | 1026 ||| INVOKING Spit Poison.
  1029 | D:2      | 1029 ||| INVOKING Spit Poison.
  1034 | D:2      | 1034 ||| INVOKING Spit Poison.
  1171 | D:2      | 1171 ||| UPGRADING to +0 helmet.
  1176 | D:2      | 1176 ||| UPGRADING to amulet of guardian spirit.
  1181 | D:2      | 1181 ||| UPGRADING to ring of resist corrosion.
  1182 | D:2      | 1182 ||| READING scroll labelled VIEGIDUDIT.
  1183 | D:2      | 1183 ||| READING scroll labelled UBERRYM QYNY.
  1183 | D:2      | Identified a scroll of acquirement
  1183 | D:2      | 1183 ||| ACQUIRING +1 barding of Living Intercession
                  | {Rampage Drain +Blink rElec}
  1183 | D:2      | Acquired the +1 barding of Living Intercession {Rampage
                  | Drain +Blink rElec}
  1185 | D:2      | 1185 ||| UPGRADING to +1 barding of Living Intercession
                  | {Rampage Drain +Blink rElec}.
  1190 | D:2      | 1190 ||| DRINKING 2 red potions.
  1191 | D:2      | 1191 ||| DRINKING 2 coppery potions.
  1192 | D:2      | 1192 ||| READING 5 scrolls of identify.
  1192 | D:2      | 1192 ||| IDENTIFYING fizzy golden potion
  1193 | D:2      | 1193 ||| READING 4 scrolls of identify.
  1193 | D:2      | 1193 ||| IDENTIFYING ruby potion
  1194 | D:2      | 1194 ||| READING 3 scrolls of identify.
  1194 | D:2      | 1194 ||| IDENTIFYING inky potion
  1195 | D:2      | 1195 ||| DROPPING potion of attraction.
  1196 | D:2      | 1196 ||| DROPPING potion of brilliance.
  1227 | D:3      | 1227 ||| INVOKING Spit Poison.
  1264 | D:3      | 1264 ||| INVOKING Spit Poison.
  1289 | D:3      | 1289 ||| INVOKING Spit Poison.
  1291 | D:3      | Noticed Jessica
  1295 | D:3      | 1295 ||| INVOKING Spit Poison.
  1295 | D:3      | Killed Jessica
  1296 | D:3      | Reached skill level 1 in Armour
  1296 | D:3      | Reached XP level 5. HP: 46/46 MP: 5/5
  1349 | D:3      | Identified the +1 long sword "Iled" {flame, Dex+5}
  1365 | D:3      | 1365 ||| INVOKING Spit Poison.
  1379 | D:3      | 1379 ||| INVOKING Spit Poison.
  1423 | D:3      | Found Mepieps's Armour Shop.
  1426 | D:3      | 1426 ||| SHOPLISTING +1 robe "Qenoitru" {rPois rN+++ Will-
                  | Regen+} (404 gold, have 152).
  1489 | D:3      | 1489 ||| INVOKING Spit Poison.
  1515 | D:3      | 1515 ||| INVOKING Spit Poison.
  1518 | D:3      | Reached skill level 3 in Fighting
  1532 | D:3      | 1532 ||| INVOKING Spit Poison.
  1534 | D:3      | Found a faded altar of an unknown god.
  1538 | D:3      | Noticed Natasha
  1539 | D:3      | 1539 ||| INVOKING Spit Poison.
  1540 | D:3      | Killed Natasha
  1542 | D:3      | Identified the +10 hand axe of the Crawling Thing {protect,
                  | *Slow rN+ Str+6}
  1673 | D:3      | 1673 ||| INVOKING Spit Poison.
  1680 | D:3      | 1680 ||| INVOKING Spit Poison.
  1687 | D:3      | 1687 ||| INVOKING Spit Poison.
  1694 | D:3      | 1694 ||| INVOKING Spit Poison.
  1743 | D:3      | 1743 ||| INVOKING Spit Poison.
  1766 | D:3      | 1766 ||| INVOKING Spit Poison.
  1770 | D:3      | 1770 ||| INVOKING Spit Poison.
  1771 | D:3      | 1771 ||| INVOKING Spit Poison.
  1792 | D:3      | 1792 ||| INVOKING Spit Poison.
  1797 | D:3      | 1797 ||| INVOKING Spit Poison.
  1798 | D:3      | Reached XP level 6. HP: 53/56 MP: 6/6
  1918 | D:3      | 1918 ||| UPGRADING to +2 cloak.
  1957 | D:4      | 1957 ||| INVOKING Spit Poison.
  1960 | D:4      | 1960 ||| INVOKING Spit Poison.
  1961 | D:4      | Reached skill level 6 in Ranged Weapons
  1972 | D:4      | 1972 ||| INVOKING Spit Poison.
  1979 | D:4      | 1979 ||| INVOKING Spit Poison.
  1980 | D:4      | 1980 ||| INVOKING Spit Poison.
  1986 | D:4      | Noticed Sigmund
  1991 | D:4      | 1991 ||| INVOKING Spit Poison.
  1999 | D:4      | Killed Sigmund
  2000 | D:4      | Reached XP level 7. HP: 50/66 MP: 7/7
  2053 | D:4      | 2053 ||| INVOKING Spit Poison.
  2078 | D:4      | 2078 ||| INVOKING Spit Poison.
  2081 | D:4      | 2081 ||| INVOKING Spit Poison.
  2087 | D:4      | 2087 ||| INVOKING Spit Poison.
  2090 | D:4      | 2090 ||| INVOKING Spit Poison.
  2093 | D:4      | 2093 ||| INVOKING Spit Poison.
  2099 | D:4      | 2099 ||| INVOKING Spit Poison.
  2100 | D:4      | HP: 6/66 [orc priest/divine providence (15)]
  2101 | D:4      | 2101 ||| DRINKING potion of heal wounds.
  2103 | D:4      | 2103 ||| INVOKING Spit Poison.
  2108 | D:4      | 2108 ||| INVOKING Spit Poison.
  2282 | D:4      | 2282 ||| INVOKING Spit Poison.
  2288 | D:4      | 2288 ||| INVOKING Spit Poison.
  2294 | D:4      | 2294 ||| INVOKING Spit Poison.
  2300 | D:4      | 2300 ||| INVOKING Spit Poison.
  2306 | D:4      | 2306 ||| INVOKING Spit Poison.
  2371 | D:4      | 2371 ||| INVOKING Spit Poison.
  2377 | D:4      | 2377 ||| INVOKING Spit Poison.
  2382 | D:4      | 2382 ||| INVOKING Spit Poison.
  2413 | D:4      | Found a shimmering altar of Xom.
  2455 | D:4      | Found a runed translucent gate.
  2455 | D:4      | Found a runed translucent gate.
  2455 | D:4      | Found an opulent altar of Gozag.
  2456 | D:4      | Found a runed translucent gate.
  2459 | D:4      | Noticed qw's ghost (amateur MiHu)
  2511 | D:4      | 2511 ||| INVOKING Spit Poison.
  2749 | D:4      | 2749 ||| READING scroll labelled LUTEKYEXT TEIH.
  2750 | D:4      | 2750 ||| READING scroll labelled FYNUKHLECKU.
  2751 | D:4      | 2751 ||| DRINKING 2 fuming red potions.
  2789 | D:4      | 2789 ||| DRINKING 2 golden potions.
  2790 | D:4      | 2790 ||| DRINKING 2 black potions.
  2791 | D:4      | 2791 ||| DROPPING potion of lignification.
  2792 | D:4      | 2792 ||| DROPPING potion of degeneration.
  2810 | D:5      | Entered Level 5 of the Dungeon
  2829 | D:5      | 2829 ||| INVOKING Spit Poison.
  2834 | D:5      | 2834 ||| INVOKING Spit Poison.
  2840 | D:5      | 2840 ||| INVOKING Spit Poison.
  2844 | D:5      | 2844 ||| INVOKING Spit Poison.
  2847 | D:5      | 2847 ||| INVOKING Spit Poison.
  2883 | D:5      | 2883 ||| INVOKING Spit Poison.
  2888 | D:5      | 2888 ||| INVOKING Spit Poison.
  2915 | D:5      | Found a shadowy altar of Dithmenos.
  2942 | D:5      | 2942 ||| INVOKING Spit Poison.
  2945 | D:5      | 2945 ||| INVOKING Spit Poison.
  2947 | D:5      | Reached skill level 7 in Ranged Weapons
  2950 | D:5      | 2950 ||| INVOKING Spit Poison.
  2956 | D:5      | 2956 ||| INVOKING Spit Poison.
  2961 | D:5      | 2961 ||| INVOKING Spit Poison.
  2966 | D:5      | 2966 ||| INVOKING Spit Poison.
  2968 | D:5      | Reached XP level 8. HP: 33/73 MP: 4/8
  2973 | D:5      | 2973 ||| INVOKING Spit Poison.
  2979 | D:5      | 2979 ||| INVOKING Spit Poison.
  2986 | D:5      | 2986 ||| INVOKING Spit Poison.
  2986 | D:5      | HP: 15/73 [ogre/+0 giant club (9)]
  2989 | D:5      | HP: 3/73 [ogre/+0 giant club (6)]
  2990 | D:5      | 2990 ||| INVOKING Spit Poison.
  2991 | D:5      | Reached skill level 8 in Ranged Weapons
  2993 | D:5      | Slain by an iguana

Levels and vault maps discovered:
D:1:      amcnicky_arrival_blooded_trapdoor, layout_rooms,
          chequers_hall_statues_corner_a, nicolae_shop_vocational
D:2:      layout_rooms, serial_rivers, chequers_serial_rivers_micro_d,
          chequers_serial_rivers_micro_b, chequers_serial_rivers_micro_d,
          chequers_serial_rivers_large_a, minmay_pentomino_w4
D:3:      layout_basic, shapermc_ecumenical_altar_mp_highgroup, serial_shops,
          nicolae_shop_real_fake_doors, saegor_snake_ambush, uniq_jessica,
          uniq_natasha
D:4:      layout_rooms, lemuel_tele_altar, ebering_ghost_gozag,
          nicolae_kite_square_tiling_tiny, minmay_fractal_squares_5,
          uniq_sigmund
D:5:      black_bear_nest_1, layout_basic, palyth_temple_overflow_mages,
          nicolae_dithmenos_through_a_glass_darkly,
          nicolae_overflow_crystal_walls, minmay_temple_entry_fiery,
          serial_curves, eino_curves_01, eino_curves_02, minmay_joined_circles

Skill      XL: |  1  2  3  4  5  6  7  8 |
---------------+-------------------------+-----
Ranged Weapons | 4 5 6 7 8 |  8.0
Armour         | 1 |  1.4
Fighting       | 3 4 |  4.5
Dodging        | 2 |  2.5
Stealth        | |  1.5

Action                     |  1- 3 |  4- 6 |  7- 9 || total
---------------------------+-------+-------+-------++-------
   Fire: Shortbow          |    69 |   103 |   127 ||   299
Ability: Spit Poison       |    23 |    31 |    35 ||    89
    Use: Scroll            |     3 |     5 |     2 ||    10
         Potion            |       |     2 |     4 ||     6
 Armour: Leather armour    |     5 |    22 |    71 ||    98
  Dodge: Dodged            |    24 |    18 |    45 ||    87

Table legend:
 A = Non-vault XP
 B = Vault XP
 C = Vault XP percentage of total XP
 D = Non-vault monster count
 E = Vault monster count
 F = Vault count percentage of total count
                 A         B        C        D         E       F
            +---------+---------+-------+---------+---------+-------
      Total |     579 |     910 |  61.1 |      84 |      27 |  24.3
            +---------+---------+-------+---------+---------+-------
        D:1 |      37 |       0 |   0.0 |      20 |       0 |   0.0
        D:2 |      63 |      11 |  14.9 |      19 |       6 |  24.0
        D:3 |     136 |      72 |  34.6 |      21 |       2 |   8.7
        D:4 |     251 |     247 |  49.6 |      21 |       8 |  27.6
        D:5 |      92 |     580 |  86.3 |       3 |      11 |  78.6
            +---------+---------+-------+---------+---------+-------
